 Dungeon Crawl Stone Soup version 0.18-a0-1805-g8ab820f (webtiles) character file.

128 manas the Shield-Bearer (level 5, -1/33 HPs)
             Began as a Gargoyle Fighter on Apr 26, 2016.
             Slain by Sigmund
             ... wielding a +0 scythe
              (5 damage)
             ... on level 3 of the Dungeon.
             The game lasted 00:22:41 (2577 turns).

manas the Shield-Bearer (Gargoyle Fighter)          Turns: 2577, Time: 00:22:42

Health: -1/33      AC: 12    Str: 21    XL:     5   Next: 12%
Magic:  14/14      EV:  8    Int:  8    God:
Gold:   98         SH:  9    Dex:  9    Spells: 0 memorised, 4 levels left

rFire  . . .     SeeInvis .     a - +0 flail
rCold  . . .     Gourm    .     b - +0 scale mail
rNeg   + . .     Faith    .     c - +0 shield
rPois  ∞         Spirit   .     (no helmet)
rElec  +         Dismiss  .     (no cloak)
rCorr  .         Reflect  .     m - +0 pair of gloves
SustAt .         Harm     .     (no boots)
MR     .....                    (no amulet)
Stlth  ..........               (no ring)
                                k - ring of magical power

@: not resistant to hostile enchantments, extremely unstealthy
A: negative energy resistance 1, electricity resistance, unbreathing,
petrification resistance, rot immunity, AC +4
a: no special abilities


You were on level 3 of the Dungeon.
You were not hungry.

You visited 1 branch of the dungeon, and saw 3 of its levels.

You collected 98 gold pieces.

Inventory:

Hand Weapons
 a - a +0 flail (weapon)
Armour
 b - a +0 scale mail (worn)
 c - a +0 shield (worn)
 g - a +0 ring mail
 h - a +0 leather armour
 m - a +0 pair of gloves (worn)
Jewellery
 k - a ring of magical power (left hand)
 q - an uncursed amulet of rage {unknown}
Scrolls
 l - a scroll of fear {unknown}
 n - a scroll of immolation {unknown}
 p - a scroll of amnesia {unknown}
 r - a scroll of teleportation {unknown}
Potions
 d - a potion of might
 e - a potion of cure mutation {unknown}
 i - a potion of berserk rage {unknown}
Comestibles
 f - 3 bread rations
 j - 3 meat rations
 o - a fruit


   Skills:
 + Level 3.7 Fighting
 + Level 2.5 Maces & Flails
 + Level 4.1 Armour
 + Level 1.3 Dodging
 + Level 0.2 Stealth
 + Level 4.4 Shields


You had 4 spell levels left.
You didn't know any spells.

Dungeon Overview and Level Annotations

Branches:
Dungeon (3/15)

Altars:

Annotations:
D:3 Jessica, Sigmund


Innate Abilities, Weirdness & Mutations

You are resistant to torment.
Your stone body is resilient (AC +4).
You are immune to poison.
You resist negative energy.
You are resistant to electric shocks.
You can survive without breathing.
You are immune to petrification.
You are immune to rotting.


Message History

The goblin closely misses you. Something hits you but does no damage.
The goblin closely misses you. You block the bat's attack.
Jessica casts a spell.
Jessica blinks!
You closely miss the bat. You block the bat's attack. x2
The orc hits you but does no damage. The goblin hits you but does no damage.
Something hits you.
* * * LOW HITPOINT WARNING * * *
The orc hits you but does no damage.
The bat closely misses you. x2; The goblin hits you but does no damage.
You miss the bat. The bat hits you but does no damage.
The bat barely misses you.
Jessica casts a spell.
Jessica blinks!
You block something's attack. You block the goblin's attack.
The bat hits you but does no damage. The orc hits you but does no damage.
The goblin barely misses you.
You hit the bat but do no damage. The bat hits you but does no damage.
Something hits you.
You die...

#...# #...# #### ... #...#
...# #...... ##...# ..(#
## #...... ..b.# ... # ..
....... #...# ##.# .. #
.......####...# #..# #...
..
.........###@######.##...#
..
.......#..#go##.....#...#
(. #!...#.{o###$#......##
.# ###....o.............#
.# #...........####..$..#
.. ...........###.# ...###
.( .....>$.§.#....... #!##
.................## .#
.........!#.?....# .#


You could see an orc wizard, 2 orcs, a goblin and a bat.

Vanquished Creatures
  An orc wizard (D:3)
  An adder (D:2)
  2 oozes
  4 worms (D:2)
  A dart slug (D:2)
  3 giant geckos
  8 orcs
  A ball python (D:1)
  6 bats
  4 goblins
  7 hobgoblins
  5 jackals (D:2)
  4 kobolds
  2 giant newts
  6 rats
55 creatures vanquished.

Notes
Turn   | Place    | Note
--------------------------------------------------------------
     0 | D:1      | manas the Gargoyle Fighter began the quest for the Orb.
     0 | D:1      | Reached XP level 1. HP: 14/14 MP: 1/1
    73 | D:1      | Reached XP level 2. HP: 11/19 MP: 2/2
   667 | D:2      | Reached XP level 3. HP: 23/23 MP: 3/3
  1394 | D:2      | Reached skill level 1 in Dodging
  1394 | D:2      | Reached XP level 4. HP: 16/29 MP: 4/4
  2345 | D:3      | Reached XP level 5. HP: 20/33 MP: 5/5
  2553 | D:3      | Noticed Sigmund
  2561 | D:3      | Noticed Jessica
  2577 | D:3      | Slain by Sigmund

Vault maps used:
D:1:      onia_arrival_handbag, serial_corexii_hall, corexii_hall_statues_t,
          corexii_hall_statues_x
D:2:      grunt_ministairs_14
D:3:      tgw_fedhas, uniq_sigmund, uniq_jessica

Skill      XL: |  1  2  3  4 |
---------------+-------------+-----
Shields        | 4 |  4.4
Dodging        | 1 |  1.3
Armour         | 4 |  4.1
Fighting       | |  3.7
Maces & Flails | |  2.5
Stealth        | |  0.2

Action                   |  1- 3 |  4- 6 || total
-------------------------+-------+-------++-------
Melee: Flail             |   155 |    86 ||   241
  Eat: Bread ration      |     1 |       ||     1
       Chunk             |     1 |       ||     1
Armor: Scale mail        |   216 |   122 ||   338
Dodge: Dodged            |    87 |    76 ||   163
Block: Shield            |   153 |   113 ||   266
